Map: 글리터링 애쉬즈 - 래더

Players

Ryung - Winner!

  • Race: Terran Terran
  • League: Master

PtitDrogo

  • Race: Protoss Protoss
  • League: Master

VOD

Have the link to the VOD?

Description

Time

  • Played on: Oct. 21, 2021, 8:21 a.m.
  • Length: 7:35
Show
View Real Time Build Order
Export as new Build Order

Ryung Terran - Winner!

Build Orders: 1/1/1 

Get SALT Encoding   

  12  0:00  SCV  
  13  0:12  SCV  
  14  0:17  Supply Depot  
  14  0:24  SCV  
  15  0:39  Barracks, SCV  
  16  0:43  Refinery  
  16  0:51  SCV  
  16  0:55  Refinery  
  17  1:03  SCV  
  18  1:06  Supply Depot  
  18  1:15  SCV  
  19  1:27  Marine  
  19  1:28  Orbital Command  
  20  1:40  Factory  
  20  1:47  Barracks Reactor  
  20  1:53  SCV  
  21  2:05  SCV  
  22  2:11  Supply Depot  
  22  2:18  SCV  
  23  2:25  Starport  
  23  2:30  SCV  
  23  2:35  Marine, Hellion x2  
  29  2:42  Supply Depot, SCV  
  30  2:53  Marine  
  30  2:56  Hellion x2  
  35  3:01  Medivac  
  37  3:11  Armory  
  37  3:12  SCV  
  38  3:13  Barracks Tech Lab  
  38  3:18  Widow Mine  
  40  3:22  Widow Mine  
  42  3:32  Supply Depot  
  42  3:36  Viking  
  44  3:50  Marine x2  
  44  3:54  Siege Tank  
  49  3:58  Supply Depot  
  49  4:06  Viking  
  49  4:14  Marine x2  
  47  4:26  Siege Tank  
  50  4:34  SCV  
  50  4:36  Viking  
  50  4:37  Marine  
  50  4:38  Marine, Supply Depot  
  49  4:55  Marine x2  
  49  4:58  Siege Tank  
  54  5:10  Viking  
  54  5:13  Marine x2  
  58  5:19  Supply Depot  
  58  5:33  Siege Tank  
  61  5:44  Marine x2  
  63  5:56  Viking  
  65  6:00  Supply Depot  
  65  6:02  Marine x2  
  67  6:09  Siege Tank  
  68  6:17  Bunker  
  68  6:20  Marine x2  
  68  6:27  Viking  
  70  6:38  Marine x2  
  70  6:45  SCV  
  70  6:58  Marine x2, Siege Tank  
  65  7:16  Marine x2  
Show
View Real Time Build Order
Export as new Build Order

PtitDrogo Protoss 

Build Orders: 1 Gate Expand, Blink Stalkers 

Get SALT Encoding   

  12  0:00  Probe  
  13  0:12  Probe  
  14  0:18  Pylon  
  14  0:24  Probe (Chrono Boost)  
  15  0:37  Probe (Chrono Boost), Gateway  
  16  0:45  Probe (Chrono Boost)  
  16  0:46  Assimilator  
  17  0:51  Probe  
  18  1:03  Probe  
  19  1:15  Probe  
  20  1:25  Cybernetics Core  
  20  1:34  Nexus  
  20  1:39  Pylon  
  20  1:42  Probe  
  21  1:49  Assimilator  
  22  1:54  Probe  
  22  1:58  Adept (Chrono Boost)  
  24  2:01  Warp Gate  
  24  2:06  Probe  
  25  2:18  Adept (Chrono Boost), Probe  
  28  2:30  Probe  
  28  2:31  Twilight Council  
  29  2:42  Gateway  
  30  2:46  Probe (Chrono Boost)  
  30  2:47  Probe (Chrono Boost)  
  30  2:51  Stalker  
  33  2:58  Probe (Chrono Boost)  
  34  3:01  Probe (Chrono Boost)  
  34  3:02  Blink (Chrono Boost)  
  33  3:09  Probe  
  34  3:13  Probe  
  35  3:21  Probe  
  35  3:23  Robotics Facility  
  36  3:34  Probe x2  
  38  3:38  Pylon  
  38  3:44  Gateway  
  38  3:49  Stalker x2  
  38  3:50  Probe x2  
  38  3:53  Pylon  
  45  4:02  Probe  
  45  4:03  Probe  
  44  4:14  Probe  
  44  4:15  Probe  
  44  4:19  Observer (Chrono Boost)  
  44  4:21  Stalker x2  
  47  4:27  Probe x2  
  49  4:32  Pylon  
  49  4:33  Observer  
  50  4:39  Probe x2  
  50  4:41  Nexus  
  52  4:46  Pylon  
  52  4:50  Stalker x2  
  52  4:51  Probe  
  52  4:52  Probe (Chrono Boost)  
  58  5:03  Observer  
  60  5:07  Gateway  
  60  5:08  Probe (Chrono Boost), Gateway  
  60  5:10  Probe (Chrono Boost), Assimilator  
  61  5:15  Assimilator  
  61  5:17  Probe x2 (Chrono Boost)  
  61  5:18  Pylon  
  61  5:21  Charge (Chrono Boost)  
  65  5:35  Stalker  
  66  5:38  Shield Battery  
  66  5:39  Stalker  
  66  5:41  Shield Battery  
  67  5:46  Pylon  
  67  5:49  Pylon  
  67  5:58  Stalker  
  67  6:02  Stalker x3  
  67  6:03  Shield Battery  
  70  6:17  Gateway  
  69  6:19  Gateway  
  69  6:24  Shield Battery  
  65  6:26  Zealot x2  
  65  6:28  Zealot  
  68  6:48  Zealot x3  
  39  7:12  Stalker x4  
  39  7:14  Stalker  
Tags
 
Add a new tag
Caveats
  • Supply blocks, unpowered buildings, or Contaminate may cause inaccurate times.
  • Supply counts are checked every 10 seconds.